AoeStats
← Drakson

African Clearing

505193843Analyzed
2v2 RM · 23d ago on Sep 8, 2026· 65m 18s· 4 players
Game mode
Random Map
Map size
Medium (4 player)
Population
200
Speed
Normal
Resources
Standard
Victory
Conquest
Starting age
Dark Age
Ending age
Imperial Age
RankedLock teamsTeams togetherTeam positionsShared explorationLock speedFull tech treeHidden civsTurbo modeCheats
Victory
Defeat
🇵🇱 Poles · Poland
873
+12
🇵🇱 Chinese · Poland
856
+13
🇲🇽 Dravidians · Mexico
806
-13
🇮🇹 Byzantines · Italy
778
-12
Sechouzz
14:48 Feudal Age
15:18 Double-Bit Axe
15:04 Man-at-Arms
17:13 Arson
18:06 Horse Collar
22:37 Scale Mail Armor
27:15 Castle Age
25:02 Loom
25:50 Forging
28:43 Scale Barding Armor
29:42 Bow Saw
29:36 Heavy Plow
29:37 Stone Mining
29:38 Gold Mining
31:37 Chain Barding Armor
31:33 Chain Mail Armor
32:41 Gold Mining
33:29 Stone Shaft Mining
32:30 Pikeman
33:10 Squires
34:35 Iron Casting
34:05 Fletching
36:07 Wheelbarrow
36:16 Ballistics
35:53 Murder Holes
35:40 Treadmill Crane
36:35 Bodkin Arrow
36:57 Light Cavalry
37:38 Husbandry
41:27 Imperial Age
39:04 Padded Archer Armor
39:43 Gold Shaft Mining
43:11 Chemistry
42:47 Plate Mail Armor
42:01 Halberdier
44:44 Two-Man Saw
43:38 Heavy Camel Rider
45:13 Plate Barding Armor
46:19 Crop Rotation
47:44 Hand Cart
48:06 Elite Cataphract
50:02 Logistica
51:19 Hoardings
51:05 Conscription
52:47 Bracer
52:27 Elite Skirmisher
53:29 Leather Archer Armor
53:37 Capped Ram
56:05 Hussar
57:00 Thumb Ring
62:39 Ring Archer Armor
TpLxxFulgore
10:14 Loom
13:12 Feudal Age
14:46 Fletching
24:52 Castle Age
23:14 Gold Mining
25:08 Padded Archer Armor
25:12 Crossbowman
25:50 Bodkin Arrow
30:40 Leather Archer Armor
Rama
12:27 Feudal Age
13:01 Double-Bit Axe
12:59 Horse Collar
15:02 Stone Mining
15:05 Gold Mining
16:19 Wheelbarrow
16:49 Loom
23:45 Castle Age
24:09 Fletching
24:30 Forging
24:26 Scale Barding Armor
25:06 Stone Shaft Mining
27:41 Heavy Plow
28:00 Bow Saw
28:06 Szlachta Privileges
30:26 Husbandry
30:38 Bloodlines
34:09 Imperial Age
35:17 Iron Casting
34:39 Bodkin Arrow
35:57 Cavalier
39:17 Crossbowman
42:38 Thumb Ring
42:07 Arbalester
43:48 Town Watch
45:34 Bracer
46:35 Blast Furnace
45:56 Chain Barding Armor
45:38 Padded Archer Armor
49:58 Light Cavalry
50:56 Leather Archer Armor
50:42 Scale Mail Armor
51:22 Hoardings
51:08 Conscription
51:09 Lechitic Legacy
54:30 Crop Rotation
54:20 Hand Cart
54:06 Town Patrol
53:30 Elite Obuch
56:17 Winged Hussar
59:42 Chain Mail Armor
59:59 Caravan
Drakson
3:02 Loom
18:46 Feudal Age
21:41 Bloodlines
24:17 Scale Barding Armor
24:24 Forging
29:20 Castle Age
29:40 Pikeman
30:25 Husbandry
31:07 Light Cavalry
35:09 Fletching
37:53 Bodkin Arrow
41:38 Town Watch
42:08 Padded Archer Armor
42:09 Horse Collar
50:26 Imperial Age
50:26 Iron Casting
50:07 Leather Archer Armor
51:10 Wheelbarrow
52:13 Great Wall
52:19 Scale Mail Armor
52:28 Town Patrol
54:10 Hand Cart
54:35 Elite Chu Ko Nu
55:37 Conscription
56:19 Hand Cart
56:36 Bracer
57:00 Heavy Scorpion
58:30 Fortified Wall
60:08 Rocketry
60:08 Masonry
62:48 Capped Ram
64:04 Ring Archer Armor
64:35 Blast Furnace
Connection lost

Rejoining the realm…

Still unreachable

The connection could not be restored.

Session expired

The server has moved on; the page needs a fresh start.